 Dungeon Crawl Stone Soup version 0.28.0 (webtiles) character file.

Game seed: 7485169776988334264

35 Alacron the Ducker (level 3, 0/25 HPs)
             Began as a Felid Berserker on Feb 16, 2022.
             Was a Follower of Trog.
             Slain by a gnoll (4 damage)
             ... on level 2 of the Dungeon.
             The game lasted 00:01:31 (1445 turns).

Alacron the Ducker (Felid Berserker)                Turns: 1445, Time: 00:01:32

Health: 0/25       AC:  1    Str: 15    XL:     3   Next: 16%
Magic:  4/4        EV: 18    Int: 14    God:    Trog [*.....]
Gold:   79         SH:  0    Dex: 15    Spells: 2/2 levels left
                                        Lives:  0   Deaths: 0

rFire   . . .      SeeInvis +     - Unarmed
rCold   . . .      Faith    .   (shield unavailable)
rNeg    . . .      Spirit   .   (armour unavailable)
rPois   .          Reflect  .   (helmet unavailable)
rElec   .          Harm     .   (cloak unavailable)
rCorr   .          Rampage  .   (gloves unavailable)
Will    .....                   (boots unavailable)
Stlth   ..........              (no amulet)
HPRegen 0.08/turn               e - +6 ring of intelligence
MPRegen 0.09/turn               (no ring)

@: berserking (expiring), very quick
A: very small, claws 1, fangs 3, see invisible, speed 1, shaggy fur 1, stealthy
paws, no weapons or thrown items, no armour, multi-lived
a: Renounce Religion, Berserk


You were on level 2 of the Dungeon.
You worshipped Trog.
Trog was aware of your devotion.
You visited 1 branch of the dungeon, and saw 2 of its levels.

You collected 79 gold pieces.

Inventory:

Jewellery
 e - a +6 ring of intelligence (left paw)
Scrolls
 a - 3 scrolls of fear {unknown}
 b - a scroll of torment {unknown}
 c - a scroll of teleportation {unknown}
 g - a scroll of enchant weapon {unknown}
 h - 2 scrolls of identify {unknown}
Potions
 d - a potion of flight {unknown}
 f - 4 potions of haste {unknown}
 i - a potion of curing {unknown}


   Skills:
 + Level 3.3 Fighting
 + Level 4.5 Dodging
 + Level 0.3 Stealth
 + Level 3.6 Unarmed Combat


You had 2 spell levels left.
You didn't know any spells.
Your spell library was empty.

Dungeon Overview and Level Annotations

Branches:
Dungeon (2/15)

Altars:


Innate Abilities, Weirdness & Mutations

You have sharp claws.
You have razor-sharp teeth.
You have supernaturally acute eyesight. (SInv)
You cover ground quickly. (Speed+)
You are covered in fur. (AC +1)
Your paws help you pounce on unaware monsters.
You are incapable of wielding weapons or throwing items.
You cannot wear armour.
You gain extra lives every three experience levels.


Message History

There are monsters nearby!
The gnoll hits you from afar with a +0 spear!
Ouch! That really hurt!
You see here a +0 dagger.
There are monsters nearby!
You are too injured to fight recklessly!
There are monsters nearby!
You are too injured to fight recklessly!
There are monsters nearby!
You are too injured to fight recklessly!
You are too injured to fight recklessly!
There are monsters nearby!
A red film seems to cover your vision as you go berserk!
You feel yourself moving faster!
You feel mighty! The gnoll closely misses you. The gnoll completely misses you.
You are too injured to fight recklessly!
You feel a strong urge to attack something.
The gnoll barely misses you.
You claw the gnoll!
The gnoll is severely wounded.
The gnoll barely misses you.
You closely miss the gnoll.
The gnoll is severely wounded.
The gnoll closely misses you. The gnoll barely misses you.
The gnoll misses you.
You scratch the gnoll.
You kill the gnoll!
Trog accepts your kill. The gnoll hits you with a +0 club.
You have reached level 3!
Your experience leads to an increase in your attributes!
Your base attributes are Str 13, Int 8, Dex 15.
Increase (S)trength, (I)ntelligence, or (D)exterity?
You feel stronger. x2
You barely miss the gnoll. You bite the gnoll.
The gnoll is heavily wounded.
The gnoll misses you. The gnoll hits you with a +0 spear.
* * * LOW HITPOINT WARNING * * *
The gnoll hits you with a +0 club.
You die...

...##.......#
#...#
##.##.#####.#
#...# #.##.#
#.####...#
##.##.#
#....'...#
...##.#
######...#
#####.#
###...#####
#.
#..........
#..)$......
#$.@g......
#..)gg.....
#...w......
#..........
#..........
#..........
#..........
#..........


You could see a worm and 3 gnolls.

Vanquished Creatures
  A gnoll (D:2)
  A worm (D:2)
  A dart slug (D:1)
  A ball python (D:2)
  A bat (D:1)
  2 endoplasms (D:1)
  A goblin (D:2)
  A hobgoblin (D:1)
  2 jackals (D:1)
  A kobold (D:2)
  3 quokkas
  A frilled lizard (D:1)
  2 rats (D:2)
18 creatures vanquished.

Notes
Turn   | Place    | Note
-------+----------+-------------------------------------------
     0 | D:1      | Alacron the Felid Berserker began the quest for the Orb.
     0 | D:1      | Reached XP level 1. HP: 10/10 MP: 2/2
   170 | D:1      | Found a faded altar of an unknown god.
   317 | D:1      | Reached XP level 2. HP: 14/14 MP: 3/3
  1445 | D:2      | Reached XP level 3. HP: 9/17 MP: 4/4
  1445 | D:2      | Slain by a gnoll

Illustrated notes

Levels and vault maps discovered:
D:1:      sevenhm_arrival_forest_fort_large_4, layout_loops_corners,
          ebering_ecumenical_altar_petrified
D:2:      layout_basic, minmay_small_reverse_x

Action                   || total
-------------------------++-------
Melee: Unarmed           ||    42
       Bite              ||     2
Invok: Berserk           ||     1
 Stab: Sleeping          ||     1
Armor: Skin              ||     1
Dodge: Dodged            ||    30
